AoeStats
← Shredded_Pork

Lombardia

507059379Analyzed
4v4 RM · 16d ago on Sep 16, 2026· 47m 29s· 8 players
Game mode
Random Map
Map size
Large (8 player)
Population
200
Speed
Normal
Resources
Standard
Victory
Conquest
Starting age
Dark Age
Ending age
Imperial Age
RankedLock teamsTeams togetherTeam positionsShared explorationLock speedFull tech treeHidden civsTurbo modeCheats
Victory
Defeat
🇩🇰 Sicilians · Denmark
623
+17
🇺🇸 Portuguese · United States
560
+20
🇩🇪 Teutons · Germany
543
+20
🇷🇴 Aztecs · Romania
525
+21
🇹🇷 Britons · Türkiye
766
-25
🇨🇳 Persians · China
742
-23
🇨🇳 Hindustanis · China
668
-21
🇨🇳 Jurchens · China
386
-9
IBekson
4:09 Loom
11:26 Feudal Age
12:01 Double-Bit Axe
16:35 Gold Mining
22:32 Wheelbarrow
24:38 Castle Age
24:11 Forging
24:01 Scale Mail Armor
23:25 Man-at-Arms
23:52 Arson
26:17 Stone Mining
26:40 Caravan
28:05 Crossbowman
28:42 Fletching
28:52 Padded Archer Armor
28:17 Long Swordsman
28:43 Gambesons
34:57 Imperial Age
35:10 Two-Handed Swordsman
36:16 Thumb Ring
37:15 Chemistry
36:01 Treadmill Crane
37:12 Bow Saw
38:54 Hand Cart
39:20 Conscription
39:09 Champion
43:51 Arquebus
43:16 Elite Organ Gun
45:00 Arquebus
46:45 Capped Ram
Djgama17
0:35 Loom
11:55 Feudal Age
13:16 Wheelbarrow
12:27 Town Watch
12:26 Horse Collar
12:35 Double-Bit Axe
15:11 Stone Mining
17:55 Gold Mining
22:37 Castle Age
21:05 Forging
20:55 Scale Mail Armor
23:34 Bow Saw
24:47 Heavy Plow
26:30 Hand Cart
30:15 Caravan
30:45 Coinage
31:03 Sanctity
33:14 Iron Casting
32:39 Scale Mail Armor
32:29 Fletching
32:39 Padded Archer Armor
33:16 Treadmill Crane
33:47 Fortified Wall
34:33 Chain Mail Armor
35:12 Coinage
39:23 Imperial Age
36:46 Pikeman
36:46 Man-at-Arms
37:11 Gambesons
37:27 Squires
37:12 Arson
38:29 Leather Archer Armor
38:09 Bodkin Arrow
38:49 Town Patrol
38:26 Long Swordsman
40:32 Garland Wars
40:46 Crop Rotation
40:02 Eagle Warrior
41:39 Banking
41:55 Plate Mail Armor
41:37 Crossbowman
42:58 Ballistics
43:43 Chemistry
42:25 Elite Eagle Warrior
42:49 Elite Skirmisher
43:44 Atlatl
43:40 Two-Handed Swordsman
46:43 Bracer
47:44 Blast Furnace
47:50 Blast Furnace
46:27 Champion
xorpad
13:00 Feudal Age
14:24 Horse Collar
14:34 Double-Bit Axe
23:41 Castle Age
25:34 Pikeman
26:16 Squires
26:25 Heavy Plow
27:10 Bow Saw
30:45 Man-at-Arms
31:34 Gold Mining
32:34 Wheelbarrow
34:36 Hand Cart
36:26 Caravan
40:57 Imperial Age
38:49 Long Swordsman
39:15 Gambesons
40:07 Coinage
41:41 Heavy Scorpion
41:43 Onager
41:48 Halberdier
41:49 Two-Handed Swordsman
45:00 Two-Man Saw
43:39 Elite Teutonic Knight
43:46 Champion
44:32 Siege Onager
BlacKHazE.
0:35 Loom
16:38 Feudal Age
18:22 Arson
19:11 Double-Bit Axe
25:47 Castle Age
25:16 Stone Mining
26:51 Horse Collar
27:43 Heavy Plow
28:48 Fletching
28:59 Scale Mail Armor
29:10 Forging
29:27 Bodkin Arrow
30:41 Bow Saw
34:36 Chain Mail Armor
42:18 Imperial Age
42:14 Ballistics
41:50 Murder Holes
42:06 Masonry
46:16 Pikeman
46:57 Squires
m19951314735
0:43 Loom
12:56 Feudal Age
19:41 Castle Age
20:36 Double-Bit Axe
21:26 Gold Mining
21:57 Fletching
22:21 Pikeman
24:36 Wheelbarrow
24:43 Bow Saw
25:04 Horse Collar
26:23 Hand Cart
27:15 Kamandaran
27:46 Stone Mining
29:11 Crossbowman
30:29 Caravan
30:06 Crossbowman
32:09 Thumb Ring
32:43 Bodkin Arrow
32:49 Padded Archer Armor
33:00 Forging
32:52 Scale Mail Armor
32:57 Scale Barding Armor
39:35 Imperial Age
40:34 Ballistics
42:48 Chemistry
42:42 Leather Archer Armor
Shredded_Pork
10:22 Feudal Age
10:52 Double-Bit Axe
18:44 Castle Age
17:02 Horse Collar
17:59 Stone Mining
17:59 Gold Mining
25:17 Bow Saw
30:56 Stone Shaft Mining
30:56 Gold Shaft Mining
35:45 Imperial Age
34:42 Wheelbarrow
34:29 Caravan
34:53 Husbandry
35:04 Bloodlines
35:08 Grand Trunk Road
35:27 Forging
35:18 Scale Mail Armor
36:57 Heavy Camel Rider
37:47 Scale Barding Armor
38:19 Iron Casting
39:59 Two-Man Saw
39:02 Heavy Plow
39:29 Conscription
39:37 Imperial Camel Rider
40:42 Chain Barding Armor
41:40 Hand Cart
43:14 Blast Furnace
yuziba
10:01 Feudal Age
10:31 Double-Bit Axe
10:28 Horse Collar
13:14 Wheelbarrow
12:25 Loom
14:24 Gold Mining
14:30 Stone Mining
16:09 Town Watch
23:17 Castle Age
24:15 Heavy Plow
24:28 Bow Saw
24:38 Hand Cart
24:45 Town Patrol
25:44 Gold Shaft Mining
29:38 Ballistics
29:14 Murder Holes
29:01 Treadmill Crane
36:36 Imperial Age
34:59 Fortified Wall
36:22 Yeomen
37:15 Arson
37:31 Squires
37:17 Gambesons
36:53 Pikeman
36:54 Man-at-Arms
38:45 Two-Man Saw
37:50 Padded Archer Armor
37:41 Fletching
38:02 Forging
37:53 Scale Mail Armor
38:57 Hoardings
38:33 Elite Longbowman
38:47 Long Swordsman
40:07 Halberdier
40:08 Two-Handed Swordsman
41:53 Caravan
43:35 Champion
46:25 Chemistry
45:46 Leather Archer Armor
45:27 Bodkin Arrow
46:55 Iron Casting
Elite Savage
Connection lost

Rejoining the realm…

Still unreachable

The connection could not be restored.

Session expired

The server has moved on; the page needs a fresh start.